 Dungeon Crawl Stone Soup version 0.21.1-1-g345015fe64 (webtiles) character file.

396 Kohma the Ruffian (level 6, 62/62 HPs)
             Began as a Troll Berserker on June 13, 2018.
             Was a Priest of Trog.
             Quit the game on level 4 of the Dungeon on June 14, 2018.
             The game lasted 00:08:50 (2354 turns).

Kohma the Ruffian (Troll Berserker)                 Turns: 2354, Time: 00:08:51

Health: 62/62      AC:  5    Str: 28    XL:     6   Next: 52%
Magic:  5/5        EV: 11    Int:  3    God:    Trog [***...]
Gold:   229        SH:  0    Dex: 13    Spells: 5/5 levels left

rFire    . . .     SeeInvis .     - Unarmed
rCold    . . .     Gourm    +   (no shield)
rNeg     . . .     Faith    .   a - +0 animal skin
rPois    .         Spirit   .   (helmet restricted)
rElec    .         Reflect  .   (no cloak)
rCorr    .         Harm     .   (gloves unavailable)
MR       .....                  (boots unavailable)
Stlth    +.........             (no amulet)
HPRegen  0.60/turn              p - +4 ring of dexterity
MPRegen  0.09/turn              (no ring)

@: drained
A: large, unfitting armour, claws 3, fast metabolism 3, gourmand, regeneration
1, shaggy fur 1, tough skin 2
a: Berserk, Trog's Hand, Burn Spellbooks, Renounce Religion


You were on level 4 of the Dungeon.
You worshipped Trog.
Trog was most pleased with you.
You were full.

You visited 1 branch of the dungeon, and saw 4 of its levels.

You collected 229 gold pieces.

Inventory:

Hand Weapons
 y - a +1 blowgun
Missiles
 v - 3 tomahawks (quivered)
 x - 12 poisoned needles
Armour
 a - a +0 animal skin (worn)
 B - a +0 robe
Jewellery
 f - a +1 ring of evasion {unknown}
 m - a cursed ring of loudness
 p - a +4 ring of dexterity (left claw)
Wands
 w - a wand of acid (5)
Scrolls
 c - a scroll of blinking
 j - 2 scrolls of teleportation
 n - a scroll of enchant weapon
 o - 2 scrolls of magic mapping
Potions
 d - a potion of invisibility
 g - a potion of ambrosia
 l - a potion of degeneration {unknown}
 q - a potion of lignification {unknown}
 r - a potion of berserk rage {unknown}
 s - a potion of agility
 t - a potion of brilliance {unknown}
 z - a potion of curing {unknown}
Comestibles
 b - 7 rations
 k - 3 chunks of flesh


   Skills:
 + Level 4.0(3.9) Fighting
 + Level 4.0(3.9) Dodging
 + Level 4.9(4.8) Unarmed Combat


You had 5 spell levels left.
You didn't know any spells.

Dungeon Overview and Level Annotations

Branches:
Dungeon (4/15)
 Temple: D:4-7

Altars:
Gozag
Hepliaklqana
Okawaru
Xom

Annotations:
D:4 Pikel


Innate Abilities, Weirdness & Mutations

You are too large for most types of armour.
You have claws for hands.
Your metabolism is lightning-fast.
You like to eat raw meat.
Your natural rate of healing is unusually fast.
You are covered in fur. (AC +1)
You have very tough skin. (AC +2)


Message History

You start removing your armour.
You continue taking off your +0 robe. x4
You finish taking off your +0 robe.
You start putting on your armour.
You continue putting on your +0 animal skin. x5
You finish putting on your +0 animal skin.
Drop what? 27/52 slots (_ for help) (? for menu, Esc to quit)
You drop a +0 robe.
You drop a +0 animal skin.
You drop a +0 robe. x2
Okay, then.
Save game and exit?
Level annotation: Pikel Welcome back, Kohma the Troll Berserker.
Trog says: Kill them all!
Press ? for a list of commands and other information.
Quiver which item? (- for none, * to show all) (? for menu, Esc to quit)
Okay, then.
Okay, then.
Unknown command.
Are you sure you want to abandon this character and quit the game? (Confirm with "yes".)

,,,**,****,,,********,,,,,,*
,,,,*,,,*,,,,,,,,,,,*,,,,,,*
,,,,+,,,**,,,**,,,,,+,,,,,,*
*****,,,**,,,*#######,,,,,,*
,,,,*,,,,*,,,##.....#,,,,,,*
,,,,*,,,,*,,,#......##******
,,,p*,,,,*,,,#.......#
,,K.*,,,,*,,,#.......#
,,,.,,,,,*,,,*#.@...##
***#.,,,*#+####......#
#.##+##...##......#
#.................#
#.................#
#.........######### ########
#.........##......#####......#
#..........#.................#
##.........#.....#.>....?....#


There were no monsters in sight!

Vanquished Creatures
  A slave (D:4)
  The ghost of LevaFresel the Covered, an amateur HuFi (D:3)
  3 wights (D:3)
  An iguana (D:3)
  Ijyb (D:3)
  3 gnolls (D:3)
  2 adders
  4 worms
  2 dart slugs (D:1)
  2 leopard geckos
  5 orcs (D:3)
  11 bats
  5 giant cockroaches
  10 goblins
  5 hobgoblins
  3 jackals (D:2)
  A quokka (D:3)
  4 frilled lizards
  9 kobolds
  8 rats
81 creatures vanquished.

Notes
Turn   | Place    | Note
-------+----------+-------------------------------------------
     0 | D:1      | Kohma the Troll Berserker began the quest for the Orb.
     0 | D:1      | Reached XP level 1. HP: 22/22 MP: 0/0
   159 | D:2      | Reached XP level 2. HP: 29/29 MP: 1/1
   347 | D:2      | Found an opulent altar of Gozag.
   417 | D:2      | Reached ** piety under Trog
   452 | D:2      | Found an iron altar of Okawaru.
   484 | D:2      | Reached XP level 3. HP: 34/36 MP: 2/2
   973 | D:1      | Reached XP level 4. HP: 40/45 MP: 3/3
  1452 | D:3      | Noticed Ijyb
  1466 | D:3      | Killed Ijyb
  1473 | D:3      | Reached *** piety under Trog
  1588 | D:3      | Noticed LevaFresel's ghost (amateur HuFi)
  1593 | D:3      | Killed LevaFresel's ghost
  1593 | D:3      | Reached XP level 5. HP: 39/53 MP: 4/4
  1665 | D:3      | Found a shimmering altar of Xom.
  1666 | D:3      | Found a hazy altar of Hepliaklqana.
  1666 | D:3      | Noticed a hungry ghost
  1667 | D:3      | Noticed a hungry ghost
  1667 | D:3      | Noticed a spectral ugly thing
  1985 | D:3      | Reached XP level 6. HP: 62/62 MP: 5/5
  2231 | D:4      | Noticed a slave
  2232 | D:4      | Noticed Pikel
  2251 | D:4      | Killed a slave
  2354 | D:4      | Quit the game

Skill      XL: |  1  2  3  4  5  6 |
---------------+-------------------+-----
Dodging        | 3 4 |  4.0
Fighting       | 3 4 |  4.0
Unarmed Combat | 4 |  4.9

Action                   |  1- 3 |  4- 6 || total
-------------------------+-------+-------++-------
Melee: Unarmed           |   123 |    97 ||   220
       Punch             |     1 |     1 ||     2
  Use: Scroll            |       |    13 ||    13
  Eat: Chunk             |    14 |    10 ||    24
Armor: Animal skin       |    56 |    14 ||    70
Dodge: Dodged            |    78 |    45 ||   123
